 Dungeon Crawl Stone Soup version 0.27.1-1-g398f81649c (webtiles) character file.

Game seed: 8905703362045797689

112 ZARRMARR the Cutter (level 4, -3/32 HPs)
             Began as an Octopode Monk on Sept 9, 2021.
             Slain by an orc (8 damage)
             ... on level 4 of the Dungeon.
             The game lasted 00:05:18 (2587 turns).

ZARRMARR the Cutter (Octopode Monk)                 Turns: 2587, Time: 00:05:19

Health: -3/32      AC:  1    Str: 10    XL:     4   Next: 93%
Magic:  4/4        EV: 14    Int: 13    God:
Gold:   30         SH:  0    Dex: 14    Spells: 3/3 levels left

rFire    . . .     SeeInvis .   e - +2 short sword (drain)
rCold    . . .     Faith    .   (no shield)
rNeg     . . .     Spirit   .   (helmet restricted)
rPois    .         Reflect  .   (no amulet)
rElec    .         Harm     .   (no ring)
rCorr    .         Rampage  .   (no ring)
Will     .....                  (no ring)
Stlth    ++........             (no ring)
HPRegen  0.10/turn              (no ring)
MPRegen  0.09/turn              (no ring)
                                (no ring)
                                (no ring)

@: confused, brilliant, hasted, very quick
A: almost no armour, amphibious, 8 rings, camouflage 1, gelatinous body 1,
(nimble swimmer 1), tentacles
a: no special abilities


You were on level 4 of the Dungeon.
You visited 1 branch of the dungeon, and saw 4 of its levels.

You collected 100 gold pieces.
You spent 70 gold pieces at shops.

Inventory:

Hand Weapons
 c - a +0 hand axe of distortion
 e - a +2 short sword of draining (weapon)
Armour
 h - a +2 pair of gloves
Scrolls
 a - a scroll of enchant armour {unknown}
 b - a scroll of brand weapon {unknown}
 f - a scroll of acquirement {unknown}
 g - 2 scrolls of amnesia {unknown}
 k - a scroll of blinking {unknown}
Potions
 l - a potion of curing {unknown}


   Skills:
 + Level 3.6 Fighting
 * Level 4.1 Short Blades
 + Level 3.6 Dodging
 + Level 3.9 Stealth


You had 3 spell levels left.
You didn't know any spells.
Your spell library contained the following spells:

 Spells                   Type           Power      Damage    Failure   Level
 Portal Projectile        Hex/Tloc       0%         N/A       67%         3
 Blade Hands              Tmut           0%         N/A       100%        5
 Excruciating Wounds      Necr           0%         N/A       100%        5


Dungeon Overview and Level Annotations

Branches:
Dungeon (4/15)
 Temple: D:4-7

Altars:
Qazlal

Shops:
D:3 ![


Innate Abilities, Weirdness & Mutations

You cannot wear most types of armour.
You are amphibious.
You can wear up to eight rings at the same time.
Your skin changes colour to match your surroundings (Stealth+).
Your rubbery body absorbs attacks. (AC +1, EV +1)
((You are camouflaged near water. (Stealth+)))
You have tentacles for arms and can constrict up to eight enemies at once.


Message History

You are too confused!
You are too confused!
You are too confused!
You are too confused!
You are too confused!
You are too confused!
You are too confused!
You are too confused!
You are too confused!
Unknown command.
You see here a book of Minor Magic.
You bump into the rock wall.
The orc barely misses you.
The orc wizard points at you and mumbles some strange words.
You are more confused.
You hit the orc wizard.
The orc wizard is lightly wounded.
You barely miss the orc wizard.
The orc wizard is lightly wounded.
The orc hits you but does no damage.
You're too confused to move!
The orc hits you with a +0 mace.
The orc wizard hits you with a +0 dagger.
The orc closely misses you.
You're too confused to move!
The orc wizard misses you. The orc hits you with a +0 mace.
The orc closely misses you.
You bump into the rock wall.
The orc hits you with a +0 mace. The orc wizard misses you.
The orc hits you with a +0 war axe!
You feel much better. The orc closely misses you.
The orc wizard points at you and mumbles some strange words.
The magic dart hits you! The orc hits you with a +0 war axe!
It was a potion of brilliance.
You feel clever all of a sudden.
The orc wizard hits you with a +0 dagger.
The orc hits you with a +0 mace.
* * * LOW HITPOINT WARNING * * *
The orc closely misses you.
It was a potion of haste.
You feel yourself speed up. The orc wizard completely misses you.
The orc hits you with a +0 mace.
* * * LOW HITPOINT WARNING * * *
The orc hits you with a +0 war axe!
You die...

#. ... #.## #.. ##
##..# #.### #.
...###.#.. #.
#..##.#.#
#.####..##.#.#
#.#........#.##
#.#o##.#...#..#
#oo@##.#.....###
#.)...o###.#...#.#.##
+...<..# #.#...#.#..#
#....=.#
#.#...#.##.####
#......#
#.#............
#......#
#...#.#.##.####
#......#
###.#...##(#...
#......#
#.#........#.
#...##.###.


You could see an orc wizard and 3 orcs.

Vanquished Creatures
  3 gnolls (D:2)
  3 adders
  A worm (D:2)
  2 dart slugs
  An orc (D:3)
  4 ball pythons
  6 endoplasms
  2 giant cockroaches (D:2)
  6 goblins
  3 hobgoblins
  2 quokkas (D:1)
  4 bats
  6 frilled lizards
  5 kobolds
  3 rats
  A spectral kobold (D:2)
52 creatures vanquished.

Notes
Turn   | Place    | Note
-------+----------+-------------------------------------------
     0 | D:1      | ZARRMARR the Octopode Monk began the quest for the Orb.
     0 | D:1      | Reached XP level 1. HP: 16/16 MP: 1/1
   200 | D:1      | Reached XP level 2. HP: 21/21 MP: 2/2
   967 | D:2      | Found a faded altar of an unknown god.
  1061 | D:2      | Reached XP level 3. HP: 26/26 MP: 3/3
  1424 | D:2      | Found a stormy altar of Qazlal.
  1547 | D:2      | Reached XP level 4. HP: 11/31 MP: 4/4
  2001 | D:3      | Reached skill level 4 in Short Blades
  2045 | D:3      | Found Vinwel's Distillery.
  2054 | D:3      | Bought a potion of heal wounds for 70 gold pieces
  2108 | D:3      | Found Ozudwys's Antique Armour Emporium.
  2587 | D:4      | Slain by an orc

Illustrated notes

Levels and vault maps discovered:
D:1:      lemuel_arrival_funnel, layout_basic, amcnicky_mini_corridor_feature
D:2:      layout_basic, basic_altar, dreamdust_ecumenical_altar_drowned_temple
D:3:      layout_rooms, serial_shops, shop_fountains, nicolae_diamond_shop
D:4:      layout_basic, lemuel_round_altar

Skill      XL: |  1  2  3  4 |
---------------+-------------+-----
Stealth        | 3 |  3.9
Short Blades   | 4 |  4.1
Fighting       | |  3.6
Dodging        | |  3.6

Action                   |  1- 3 |  4- 6 || total
-------------------------+-------+-------++-------
Melee: Short sword       |    81 |    29 ||   110
       Constrict         |    19 |     3 ||    22
       Tentacles         |     8 |     3 ||    11
  Use: Scroll            |     1 |       ||     1
       Potion            |     1 |     3 ||     4
 Stab: Sleeping          |     7 |     7 ||    14
Armor: Skin              |     4 |     1 ||     5
Dodge: Dodged            |    50 |    21 ||    71
